Map: [ESL] Dragon Scales

Players

Krystianer

  • Race: Protoss Protoss
  • Spawn Location: 11:00

Elazer - Winner!

  • Race: Zerg Zerg
  • Spawn Location: 5:00

Event: ESL SC2 Masters 2023 Summer (Regionals)

VOD

Have the link to the VOD?

Description

Time

  • Played on: May 6, 2023, 10:22 a.m.
  • Length: 9:04

All games in this series

Show
View Real Time Build Order
Export as new Build Order

Krystianer Protoss 

Build Orders: 1 Gate Expand, Oracle Opening, Archon Immortal, Archon Drop 

Get SALT Encoding   

  12  0:00  Probe  
  13  0:12  Probe  
  14  0:17  Pylon  
  14  0:24  Probe (Chrono Boost)  
  16  0:36  Probe (Chrono Boost)  
  16  0:38  Gateway  
  16  0:43  Probe (Chrono Boost)  
  16  0:46  Assimilator  
  17  0:50  Probe  
  18  1:03  Probe  
  19  1:15  Probe  
  20  1:23  Nexus  
  20  1:34  Cybernetics Core  
  20  1:36  Probe  
  21  1:42  Assimilator  
  21  1:49  Probe  
  21  1:53  Pylon  
  22  2:01  Probe  
  23  2:08  Adept (Chrono Boost)  
  23  2:13  Probe  
  26  2:17  Stargate  
  26  2:22  Warp Gate  
  26  2:26  Probe (Chrono Boost)  
  26  2:28  Adept (Chrono Boost)  
  27  2:35  Probe (Chrono Boost)  
  30  2:43  Probe (Chrono Boost)  
  32  2:44  Probe (Chrono Boost)  
  32  2:49  Probe x2 (Chrono Boost)  
  34  2:58  Oracle (Chrono Boost)  
  34  3:01  Probe x2  
  34  3:05  Shield Battery  
  39  3:09  Stalker  
  41  3:13  Probe x2  
  43  3:25  Probe x2  
  41  3:37  Robotics Facility  
  41  3:38  Pylon  
  41  3:39  Probe x2 (Chrono Boost)  
  41  3:40  Assimilator  
  43  3:42  Assimilator  
  43  3:46  Twilight Council  
  43  3:51  Probe (Chrono Boost)  
  43  3:55  Probe (Chrono Boost)  
  45  3:58  Probe (Chrono Boost)  
  45  3:59  Gateway  
  45  4:00  Gateway  
  47  4:04  Pylon  
  47  4:09  Gateway  
  46  4:10  Probe  
  46  4:12  Probe  
  46  4:15  Adept  
  50  4:22  Probe  
  51  4:24  Probe  
  51  4:25  Warp Prism (Chrono Boost)  
  54  4:36  Adept  
  56  4:43  Pylon  
  56  4:46  Templar Archives  
  56  4:55  Nexus  
  56  4:57  Probe x2  
  58  5:03  Pylon  
  58  5:09  Probe x2  
  58  5:10  Forge  
  60  5:21  Probe  
  60  5:22  Probe  
  60  5:24  High Templar x4  
  60  5:26  Immortal (Chrono Boost)  
  68  5:33  Probe  
  68  5:34  Probe  
  72  5:36  Pylon  
  72  5:41  Archon x2  
  72  5:43  Protoss Ground Weapons Level 1  
  72  5:46  Probe  
  72  5:47  Probe  
  72  5:49  Charge  
  74  5:54  Pylon  
  74  5:55  Immortal (Chrono Boost)  
  74  5:58  Probe (Chrono Boost)  
  74  6:01  Probe (Chrono Boost)  
  79  6:07  Probe (Chrono Boost)  
  81  6:11  Assimilator  
  81  6:15  Assimilator  
  81  6:16  Probe (Chrono Boost)  
  81  6:17  Probe x2 (Chrono Boost)  
  83  6:22  Probe x2 (Chrono Boost)  
  83  6:25  Immortal (Chrono Boost)  
  85  6:27  Sentry x3  
  85  6:30  Probe, Shield Battery  
  96  6:43  Gateway x2  
  96  6:44  Gateway x2  
  96  6:45  Probe  
  97  6:47  Probe  
  97  6:51  Probe  
  99  6:54  Immortal (Chrono Boost)  
  99  6:57  High Templar  
  99  6:58  Probe, High Templar  
  99  6:59  Pylon  
  99  7:00  Pylon  
  108  7:06  Pylon  
  108  7:07  Pylon, Archon  
  108  7:24  High Templar  
  108  7:25  High Templar  
  108  7:26  Immortal (Chrono Boost)  
  116  7:32  Zealot x2  
  116  7:33  Archon  
  116  7:34  Pylon  
  120  7:37  Nexus  
  120  7:39  Pylon  
  120  7:42  High Templar x2, Zealot x2  
  128  7:47  Photon Cannon  
  128  7:50  Probe  
  128  7:51  Pylon  
  128  7:53  Archon  
  128  7:59  Immortal, Zealot x4  
  128  8:05  Pylon  
  140  8:12  Zealot x2  
  144  8:22  Zealot x2  
  144  8:23  Zealot  
  144  8:24  Zealot x3  
  156  8:31  Pylon  
  156  8:34  Pylon  
  152  8:37  Pylon  
  148  8:44  Zealot x7  
Show
View Real Time Build Order
Export as new Build Order

Elazer Zerg - Winner!

Build Orders: Hatch First 

Get SALT Encoding   

  12  0:00  Drone  
  13  0:12  Overlord  
  13  0:17  Drone  
  14  0:30  Drone x2  
  16  0:49  Hatchery  
  15  0:52  Drone  
  15  0:54  Drone  
  17  0:58  Drone  
  18  1:08  Extractor  
  17  1:13  Spawning Pool  
  17  1:16  Drone  
  17  1:20  Drone  
  18  1:28  Drone  
  19  1:38  Drone  
  20  1:49  Drone  
  21  2:00  Queen x2  
  25  2:01  Zergling x2  
  25  2:02  Overlord  
  26  2:11  Drone  
  26  2:12  Drone, Metabolic Boost  
  28  2:22  Drone  
  29  2:23  Drone  
  30  2:34  Hatchery  
  29  2:38  Queen  
  31  2:46  Zergling x2  
  31  2:47  Zergling x2  
  31  2:48  Overlord  
  33  2:54  Drone  
  33  2:56  Zergling x2  
  33  2:58  Drone  
  36  3:05  Overlord  
  36  3:06  Queen  
  36  3:09  Drone x2  
  36  3:11  Drone  
  41  3:22  Drone x3  
  41  3:28  Drone x2  
  42  3:37  Queen  
  42  3:40  Drone x2  
  46  3:43  Drone x2  
  48  3:54  Drone x3  
  48  3:55  Drone x3  
  51  3:59  Queen  
  51  4:01  Overlord  
  53  4:08  Drone x3  
  56  4:15  Overlord  
  56  4:16  Drone  
  57  4:21  Drone x5  
  62  4:28  Overlord  
  62  4:29  Drone x3  
  65  4:34  Drone x2, Roach Warren  
  65  4:35  Drone  
  67  4:44  Drone x5  
  71  4:49  Extractor, Zergling x6  
  73  4:54  Overlord, Lair  
  73  4:57  Zergling x6  
  73  4:59  Zergling x4  
  78  5:03  Extractor  
  77  5:09  Zergling x6  
  80  5:14  Hatchery  
  80  5:18  Overlord  
  80  5:20  Overlord  
  79  5:21  Drone x5  
  79  5:25  Drone x3  
  83  5:30  Drone x3  
  86  5:38  Extractor, Evolution Chamber  
  86  5:41  Drone x2  
  86  5:42  Drone  
  87  5:46  Extractor  
  87  5:48  Drone x7  
  87  5:49  Extractor  
  92  5:52  Drone x2  
  92  5:53  Glial Reconstitution  
  93  6:01  Overlord  
  92  6:06  Roach x2  
  92  6:08  Zerg Missile Weapons Level 1  
  96  6:16  Overlord  
  96  6:18  Overlord  
  96  6:22  Overlord  
  96  6:23  Drone x5  
  101  6:26  Overlord  
  101  6:30  Drone  
  101  6:31  Drone x3  
  105  6:34  Roach  
  105  6:37  Roach  
  105  6:38  Roach x3  
  115  6:43  Ravager x2  
  115  6:44  Roach x6  
  129  6:48  Overlord  
  129  6:57  Overlord  
  129  6:58  Roach x3  
  133  7:02  Drone  
  133  7:03  Overlord  
  133  7:04  Drone x4  
  133  7:05  Baneling Nest  
  136  7:10  Roach x4, Zergling x6  
  136  7:15  Drone x3  
  148  7:19  Hatchery  
  146  7:25  Roach x5  
  156  7:31  Overlord  
  156  7:35  Zergling x2  
  156  7:36  Zergling x4  
  159  7:45  Zergling x28  
  172  7:52  Overlord  
  172  7:53  Overlord  
  172  7:58  Zergling x4  
  174  8:04  Overlord x2  
  174  8:09  Zergling x2  
  174  8:10  Zergling x2  
  175  8:18  Baneling x20  
  175  8:22  Baneling x19  
  175  8:25  Zergling x16  
  175  8:26  Zergling x8  
  186  8:39  Zergling x20  
Tags
 
Add a new tag
Caveats
  • Supply blocks, unpowered buildings, or Contaminate may cause inaccurate times.
  • Supply counts are checked every 10 seconds.